 Dungeon Crawl Stone Soup version 0.29.1-15-g9cfb28693d (webtiles) character file.

Game seed: 16702298288206368976

28546 javelincjr the Fighter (level 13, 0/91 HPs)
             Began as a Djinni Conjurer on Mar 10, 2023.
             Was an Elder of Hepliaklqana.
             Slain by a meliai (shapeshifter) (3 damage)
             ... on level 14 of the Dungeon on Mar 11, 2023.
             The game lasted 01:13:28 (20002 turns).

javelincjr the Fighter (Djinni Conjurer)           Turns: 20002, Time: 01:13:29

Health: 0/91       AC: 15    Str: 12    XL:     13   Next: 74%
Gold:   744        EV: 17    Int: 33    God:    Hepliaklqana [****..] SH:  5 Dex: 15

rFire   + + .      SeeInvis .   h - +2 dagger (vamp)
rCold   + . .      Faith    .   (no shield)
rNeg    . . .      Spirit   .   u - +4 robe of Augmentation {Str+4 Int+4 Dex+4}
rPois   ∞          Reflect  +   q - +0 helmet
rElec   +          Harm     .   R - +2 cloak {rPois}
rCorr   .          Rampage  .   G - +2 pair of gloves
Will    +....                   (boots unavailable)
Stlth   +++++.....              n - amulet of reflection
HPRegen 0.25/turn               B - ring "Acubrio" {Wiz rC+ Int+5}
MPRegen 0.00/turn               x - ring "Integhiy" {rElec rC+ Stlth+}

@: flying
A: reduced essence, sickness immunity, fire resistance 2, cold vulnerability 1,
float, innate caster, HP casting, extra vitality 1
a: Renounce Religion, Recall Ancestor, Ancestor Identity, Transference, Idealise


You were on level 14 of the Dungeon.
You worshipped Hepliaklqana.
Hepliaklqana was greatly pleased with you.
You visited 2 branches of the dungeon, and saw 15 of its levels.

You collected 814 gold pieces.
You spent 70 gold pieces at shops.

Inventory:

Hand Weapons
 e - a +2 dagger of flaming
 h - a +2 vampiric dagger (weapon)
 y - a +0 falchion of venom
 Y - a +5 short sword
Armour
 q - a +0 helmet (worn)
 u - the +4 robe of Augmentation (worn) {Str+4 Int+4 Dex+4}
   (You found it on level 4 of the Dungeon)

   Str:       It affects your strength (+4).
   Int:       It affects your intelligence (+4).
   Dex:       It affects your dexterity (+4).
 E - a +0 cloak
 G - a +2 pair of gloves (worn)
 H - +0 steam dragon scales
 M - the +2 leather armour of True Grit {rElec Str+3 Stlth+}
   (You found it on level 9 of the Dungeon)

   Str:       It affects your strength (+3).
   rElec:     It insulates you from electricity.
   Stlth:     It makes you more stealthy.
 R - a +2 cloak of poison resistance (worn)
 S - the +1 robe "Ozuts" {rCorr}
   (You found it on level 11 of the Dungeon)

   rCorr:     It protects you from acid and corrosion.
 Z - +0 acid dragon scales
Magical Staves
 W - a staff of air
Jewellery
 a - the ring of Divine Intervention {Fly Str+5}
   (You found it on level 8 of the Dungeon)

   [ring of flight]

   Str:       It affects your strength (+5).
   Fly:       It grants you flight.
 i - a +6 ring of dexterity
 n - an amulet of reflection (around neck)
 s - a ring of ice
 x - the ring "Integhiy" (right hand) {rElec rC+ Stlth+}
   (You found it on level 8 of the Dungeon)

   [ring of protection from cold]

   rC:        It protects you from cold.
   rElec:     It insulates you from electricity.
   Stlth:     It makes you more stealthy.
 A - the ring "Jiatrau" {*Corrode rPois rN+ SInv}
   (You found it on level 8 of the Dungeon)

   [ring of see invisible]

   rPois:     It protects you from poison.
   rN:        It protects you from negative energy.
   SInv:      It lets you see invisible.
   *Corrode:  It may corrode you when you take damage.
 B - the ring "Acubrio" (left hand) {Wiz rC+ Int+5}
   (You found it on level 8 of the Dungeon)

   [ring of wizardry]

   It improves your spell success rate.
   Int:       It affects your intelligence (+5).
   rC:        It protects you from cold.
 I - a ring of wizardry
 V - a +4 ring of protection
 X - a +4 ring of protection
Wands
 z - a wand of flame (18)
 D - a wand of paralysis (20)
 F - a wand of iceblast (3)
 J - a wand of polymorph (5)
 N - a wand of light (3)
 Q - a wand of mindburst (8)
Scrolls
 f - 4 scrolls of magic mapping
 l - 2 scrolls of fog
 m - 2 scrolls of enchant armour
 p - 2 scrolls of poison
 w - 6 scrolls of teleportation
 C - 5 scrolls of fear
 K - a scroll of silence
 L - a scroll of torment
 O - a scroll of blinking
 P - a scroll of amnesia {unknown}
 T - a scroll of noise {unknown}
 U - 3 scrolls of acquirement {unknown}
Potions
 b - 4 potions of heal wounds
 c - 10 potions of curing
 d - 4 potions of degeneration {unknown}
 g - 4 potions of ambrosia
 j - 2 potions of flight {unknown}
 k - 4 potions of attraction {unknown}
 o - 5 potions of brilliance {unknown}
 r - 3 potions of might {unknown}
 t - 3 potions of cancellation {unknown}
 v - a potion of haste {unknown}


   Skills:
 * Level 12.7 Fighting
 + Level 8.8 Armour
 + Level 10.3 Dodging
 + Level 8.5 Stealth
 + Level 7.9 Spellcasting
 + Level 4.4 Evocations


You couldn't memorise any spells.
You knew the following spells:

 Your Spells              Type           Power      Damage    Failure   Level
a - Magic Dart            Conj           100%       1d8       1%          1
b - Searing Ray           Conj           100%       2d8       1%          2
c - Dazzling Flash        Conj/Hex       100%       N/A       1%          3
d - Fulminant Prism       Conj/Hex       30%        3d16      1%          4
e - Iskenderun's Mystic   Conj/Tloc      60%        2d13      1%          4
f - Apportation           Tloc           100%       N/A       1%          1
g - Call Imp              Summ           60%        N/A       1%          2
h - Summon Guardian Gole  Hex/Summ       60%        N/A       1%          3
i - Cause Fear            Hex            30%        N/A       1%          4
j - Summon Mana Viper     Hex/Summ       60%        N/A       1%          5
k - Alistair's Intoxicat  Tmut/Pois      40%        N/A       1%          5
Your spell library was empty.

Dungeon Overview and Level Annotations

Branches:
Dungeon (14/15)            Temple (1/1) D:7            Lair (0/5) D:10
    Orc (0/2) D:11
 Vaults: D:13-14

Altars:
Ashenzari
Cheibriados
Dithmenos
Elyvilon
Fedhas
Gozag
Hepliaklqana
Makhleb
Nemelex Xobeh
Okawaru
Qazlal
Ru
Trog
Uskayaw
Wu Jian
Xom
Yredelemnul
Zin
The Shining One

Shops:
D:4 *   D:5 *   D:10 :

Portals:
Gauntlet: D:14

Annotations:
D:4 1 runed translucent door, Crazy Yiuf


Innate Abilities, Weirdness & Mutations

Your life essence is reduced to manifest your ancestor. (-10% HP)
You are immune to sickness and miasma.
You are immune to poison.
Your flesh is very heat resistant. (rF++)
You are vulnerable to cold. (rC-)
You float through the air rather than walking.
You learn spells naturally, not from books.
Your magical power is your life essence.
You have superior vitality. (+4 MHP)


Message History

The orc wizard casts a spell.
The orc wizard flickers and vanishes!
Deactivating autopickup; reactivate with Ctrl-A.
You hear a horrible gurgling sound!
You hear an angry buzzing noise.
You hear a shout! x2; You hear an angry hiss.
Casting: Call Imp (safe; 1% risk of failure)
Confirm with . or Enter, or press ? or * to list all spells.
A guardian golem appears, shielding your allies.
A meliai comes into view.
The centaur warrior shoots an arrow.
Khalidah blocks the arrow.
Khalidah completely misses the centaur warrior.
The centaur warrior shoots an arrow.
The arrow hits Khalidah but does no damage.
Casting: Summon Guardian Golem (safe; 1% risk of failure)
Confirm with . or Enter, or press ? or * to list all spells.
A mana viper appears with a sibilant hiss.
* * * LOW HITPOINT WARNING * * *
The centaur warrior shoots an arrow.
The arrow hits Khalidah!
Khalidah is destroyed!
A cyan ugly thing comes into view.
You hear a horrible gurgling sound!
Casting: Summon Mana Viper (dangerous; 1% risk of failure)
Confirm with . or Enter, or press ? or * to list all spells.
A shadowy apparition takes form in the air.
* * * LOW HITPOINT WARNING * * *
The centaur warrior shoots an arrow.
The arrow hits your guardian golem!
The centaur warrior shoots an arrow.
The arrow barely misses your guardian golem.
The arrow closely misses you.
The centaur warrior shoots an arrow.
The arrow barely misses your guardian golem.
The arrow hits you!!
* * * LOW HITPOINT WARNING * * *
The meliai barely misses you.
The meliai stings you but does no damage.
You hear a horrible gurgling sound!
There is a gate leading to a gauntlet here.
Beware, the minotaur awaits!
The meliai hits you.
You die...

~≈~ ♣~P Pu {u
#####c ....9
..
###.#S####....
#...)5@y......
###....###.###
#.....##.###
##..........
##.....####
#.....#
+<.#.## ##.#.#
#..#.


You could see 2 ugly things, a centaur warrior (ally target), a meliai, a
friendly mana viper (summoned, sheltered), a friendly guardian golem (summoned)
and a friendly shadow imp (summoned, sheltered).

Vanquished Creatures
  A hydra (D:13)
  Erica (D:8)
  A catoblepas (D:13)
  2 centaur warriors
  2 two-headed ogres (D:12)
  The ghost of BuddhaDhamma the Severer, a novice MiBe of Trog (D:10)
  A wizard (D:12)
  A deep elf pyromancer (D:13)
  2 cyclopes
  2 ugly things (D:12)
  A gargoyle (D:14)
  2 unseen horrors
  An efreet (D:13)
  A komodo dragon (D:10)
  A tengu conjurer (D:12)
  2 trolls
  A hornet (shapeshifter) (D:13)
  5 slime creatures (D:13)
  Sigmund (D:5)
  A shadow (D:10)
  A wyvern (D:8)
  A spriggan (shapeshifter) (D:8)
  3 wraiths
  9 yaks
  2 vampire mosquitoes
  A basilisk (D:12)
  Edmund (D:5)
  Menkaure (D:5)
  2 acid dragons
  Duvessa (D:5)
  The ghost of Ast3rio the Gusty, an amateur DEAE (D:4)
  4 water moccasins
  2 ice beasts
  4 black bears
  2 sky beasts
  3 ogres
  5 centaurs
  2 phantoms
  6 bullfrogs
  A necrophage (D:5)
  A scorpion (D:10)
  A gnoll sergeant (D:10)
  3 wights (D:7)
  Dowan (D:5)
  3 howler monkeys
  7 hounds
  3 quasits (D:4)
  A centaur zombie (D:9)
  An orc priest (D:5)
  3 jellies
  4 iguanas
  15 orc wizards
  A howler monkey zombie (D:9)
  3 adders
  5 gnolls
  3 white imps
  3 worms
  43 orcs
  9 bats
  9 endoplasms
  6 giant cockroaches
  13 goblins
  8 hobgoblins
  4 jackals (D:1)
  6 quokkas
  5 ball pythons
  5 frilled lizards
  13 kobolds
  12 rats
  A fulminant prism (D:7)
274 creatures vanquished.

Vanquished Creatures (collateral kills)
  A hydra (D:13)
  A two-headed ogre (D:9)
  The ghost of AverageBear the Cleaver, a novice DsFi of Gozag (D:10)
  A harpy (shapeshifter) (D:8)
  An ugly thing (D:12)
  2 manticores
  A cyclops (D:8)
  A salamander (shapeshifter) (D:13)
  Maurice (D:10)
  An unseen horror zombie (D:9)
  An unseen horror (D:11)
  2 trolls
  A wraith (D:10)
  2 shadows
  10 yaks
  A wyvern (D:8)
  3 steam dragons
  3 vampire mosquitoes (D:11)
  An acid dragon (D:11)
  A water moccasin (D:10)
  A black bear (D:10)
  An ice beast (D:8)
  7 orc warriors
  2 centaurs
  A scorpion (D:6)
  2 wyvern zombies (D:9)
  2 bullfrogs
  A gnoll sergeant (D:9)
  3 killer bees (D:9)
  2 howler monkeys (D:13)
  2 centaur zombies (D:9)
  3 orc priests
  6 orc wizards
  A statue (D:13)
  A howler monkey zombie (D:9)
  3 gnolls (D:9)
  11 orcs
85 creatures vanquished.

Vanquished Creatures (others)
  An unseen horror (D:8)
  An unseen horror zombie (D:9)
  An orc warrior (D:10)
  A centaur zombie (D:9)
  2 ancestors (D:7)
  10 knights
  2 orcs
  107 fulminant prisms
  40 fungi (D:10)
  51 plants
216 creatures vanquished.

Grand Total: 575 creatures vanquished

Notes
Turn   | Place    | Note
-------+----------+-------------------------------------------
     0 | D:1      | javelincjr the Djinni Conjurer began the quest for the Orb.
     0 | D:1      | javelincjr set off with the following spells memorised:
                  | Magic Dart, Searing Ray, Dazzling Flash, Fulminant Prism,
                  | Iskenderun's Mystic Blast.
     0 | D:1      | Reached XP level 1. HP: 15/15 MP: 0/0
    95 | D:1      | Reached XP level 2. HP: 13/21 MP: 0/0
   441 | D:1      | Reached XP level 3. HP: 7/26 MP: 0/0
   441 | D:1      | Learned a level 1 spell: Apportation
   897 | D:1      | Reached skill level 1 in Fighting
  1347 | D:1      | Found a faded altar of an unknown god.
  1550 | D:2      | Reached XP level 4. HP: 30/32 MP: 0/0
  2452 | D:3      | Reached skill level 1 in Armour
  2903 | D:3      | Reached skill level 2 in Fighting
  2903 | D:3      | Reached XP level 5. HP: 34/38 MP: 0/0
  2903 | D:3      | Learned a level 2 spell: Call Imp
  3763 | D:3      | Found a snail-covered altar of Cheibriados.
  3909 | D:4      | Found a runed translucent door.
  3910 | D:4      | Noticed Crazy Yiuf
  3949 | D:4      | Found the +4 robe of Augmentation {Str+4 Int+4 Dex+4}
  4134 | D:4      | Noticed Ast3rio's ghost (amateur DEAE)
  4152 | D:4      | Reached XP level 6. HP: 27/45 MP: 0/0
  4250 | D:4      | Reached skill level 3 in Fighting
  4486 | D:4      | Found an iron altar of Okawaru.
  4504 | D:4      | Noticed an ogre
  4527 | D:4      | Killed an ogre
  4552 | D:4      | Reached XP level 7. HP: 38/50 MP: 0/0
  4552 | D:4      | Learned a level 3 spell: Summon Guardian Golem
  4669 | D:4      | Found a bloodstained altar of Trog.
  4751 | D:4      | Found Henoc's General Store.
  4754 | D:4      | Bought a potion of heal wounds for 70 gold pieces
  4796 | D:4      | Found a transporter.
  4812 | D:4      | Found a transporter.
  5058 | D:4      | Killed Ast3rio's ghost
  5059 | D:4      | Reached skill level 4 in Fighting
  5387 | D:5      | Entered Level 5 of the Dungeon
  5460 | D:5      | Reached XP level 8. HP: 21/58 MP: 0/0
  5746 | D:5      | Found a hazy altar of Hepliaklqana.
  5747 | D:5      | Found a shimmering altar of Xom.
  5748 | D:5      | Noticed a spectral ugly thing
  5758 | D:5      | Became a worshipper of Hepliaklqana the Forgotten
  5828 | D:5      | Noticed Duvessa
  5831 | D:5      | Noticed Dowan
  5838 | D:5      | Killed Duvessa
  5840 | D:5      | Killed Dowan
  5842 | D:5      | Reached skill level 5 in Fighting
  6030 | D:5      | Noticed Menkaure
  6035 | D:5      | Killed Menkaure
  6118 | D:5      | Reached skill level 5 in Dodging
  6208 | D:5      | Noticed Sigmund
  6258 | D:5      | Noticed Edmund
  6273 | D:5      | Killed Edmund
  6274 | D:5      | Reached XP level 9. HP: 44/66 MP: 0/0
  6274 | D:5      | Learned a level 4 spell: Cause Fear
  6283 | D:5      | Killed Sigmund
  6284 | D:5      | Reached skill level 6 in Fighting
  6655 | D:5      | Found Pifiss's General Store.
  7313 | D:6      | Reached skill level 5 in Spellcasting
  7816 | D:6      | Reached skill level 7 in Fighting
  8180 | D:6      | Reached skill level 5 in Stealth
  8201 | D:6      | Reached * piety under Hepliaklqana
  8538 | D:7      | Found a shadowy altar of Dithmenos.
  8545 | D:7      | Reached XP level 10. HP: 51/67 MP: 0/0
  8643 | D:7      | Reached skill level 5 in Armour
  8650 | D:7      | Reached skill level 8 in Fighting
  9257 | D:7      | Found a staircase to the Ecumenical Temple.
  9266 | Temple   | Entered the Ecumenical Temple
 10860 | D:8      | Noticed Erica
 10871 | D:8      | Killed Erica
 10974 | D:8      | Reached skill level 9 in Fighting
 10974 | D:8      | Reached XP level 11. HP: 17/75 MP: 0/0
 10974 | D:8      | Learned a level 5 spell: Summon Mana Viper
 11279 | D:8      | Reached ** piety under Hepliaklqana
 11281 | D:8      | Remembered your ancestor Khalidah as a knight
 11488 | D:8      | Noticed a cyclops
 11494 | D:8      | Noticed a harpy
 11498 | D:8      | Killed a cyclops
 11501 | D:8      | Killed a harpy
 11957 | D:8      | Identified the ring of Divine Intervention {Fly Str+5}
 11960 | D:8      | Identified the ring "Integhiy" {rElec rC+ Stlth+}
 11967 | D:8      | Identified the ring "Jiatrau" {*Corrode rPois rN+ SInv}
 11970 | D:8      | Identified the ring "Acubrio" {Wiz rC+ Int+5}
 12538 | D:9      | Reached skill level 10 in Fighting
 12676 | D:9      | Found a basalt altar of Yredelemnul.
 13253 | D:9      | Noticed a two-headed ogre
 13264 | D:9      | Killed a two-headed ogre
 13271 | D:9      | Identified the +2 leather armour of True Grit {rElec Str+3
                  | Stlth+}
 13590 | D:10     | Entered Level 10 of the Dungeon
 13767 | D:10     | Reached *** piety under Hepliaklqana
 13787 | D:10     | Found Guesecvuqewn's Book Emporium.
 13807 | D:10     | Noticed Maurice
 13820 | D:10     | Killed Maurice
 13821 | D:10     | Reached XP level 12. HP: 56/82 MP: 0/0
 14104 | D:10     | Found a runed translucent gate.
 14105 | D:10     | Found a runed translucent gate.
 14105 | D:10     | Found a runed translucent gate.
 14106 | D:10     | Noticed AverageBear's ghost (novice DsFi)
 14107 | D:10     | Noticed BuddhaDhamma's ghost (novice MiBe)
 14121 | D:10     | Killed AverageBear's ghost
 14193 | D:10     | Killed BuddhaDhamma's ghost
 14532 | D:10     | Reached skill level 11 in Fighting
 14963 | D:10     | Found a staircase to the Lair.
 15265 | D:11     | Reached skill level 1 in Evocations
 15691 | D:11     | Identified the +1 robe "Ozuts" {rCorr}
 15964 | D:11     | Found a staircase to the Orcish Mines.
 16012 | D:11     | Found a frozen archway.
 16109 | D:11     | Reached **** piety under Hepliaklqana
 16455 | D:12     | Noticed a two-headed ogre
 16465 | D:12     | Killed a two-headed ogre
 16657 | D:12     | Noticed a two-headed ogre
 16971 | D:12     | Reached XP level 13. HP: 81/90 MP: 0/0
 16971 | D:12     | Learned a level 5 spell: Alistair's Intoxication
 17125 | D:12     | Noticed a centaur warrior
 17137 | D:12     | Reached skill level 12 in Fighting
 17139 | D:12     | Killed a centaur warrior
 18089 | D:13     | Noticed a centaur warrior
 18096 | D:13     | Noticed a four-headed hydra
 18098 | D:13     | Reached skill level 10 in Dodging
 18101 | D:13     | HP: 2/90 [centaur warrior (7)]
 18103 | D:13     | Killed a centaur warrior
 18116 | D:13     | Killed a four-headed hydra
 18403 | D:13     | Noticed a catoblepas
 18409 | D:13     | Killed a catoblepas
 18411 | D:13     | HP: 4/91 [manticore (4)]
 18854 | D:13     | Noticed an eight-headed hydra
 18869 | D:13     | Killed an eight-headed hydra
 19976 | D:14     | Found a gate leading to a gauntlet.
 19985 | D:14     | Noticed a centaur warrior
 20001 | D:14     | HP: 3/91 [centaur warrior/arrow (22)]
 20002 | D:14     | Slain by a meliai (shapeshifter)

Illustrated notes

Levels and vault maps discovered:
D:1:      dpeg_arrival_water_fire, layout_rooms,
          hellmonk_ecumenical_altar_defaced_shrine
D:2:      layout_basic
D:3:      corexii_shack_village, layout_basic, slow_altar_2
D:4:      layout_cave_pools, mainiacjoe_overflow_cross_hatched,
          lightli_temple_of_fire, okawaru_metal_pillars_3,
          gammafunk_ghost_stat_death, serial_shops, nicolae_shop_behind_doors,
          uniq_crazy_yiuf_cottage
D:5:      layout_basic, regret_index_temple_of_mockery, serial_shops,
          nicolae_shop_window_shopping, uniq_edmund, uniq_menkaure,
          uniq_duvessa, uniq_sigmund
D:6:      layout_gridville, minmay_misc_feat_ornament
D:7:      layout_cave_pods, grunt_dithmenos_shadows, minmay_temple_entry_ruins,
          hangedman_abyss_or_decor_stabs, lemuel_flame_loot_1
D:8:      minmay_the_grid_triangle_9x9_rhombus_thin
          [minmay_the_grid_triangle_9x9_descending_squares,
          minmay_the_grid_triangle_9x9_prize_special,
          minmay_the_grid_triangle_9x9_steps,
          minmay_the_grid_triangle_9x9_from_above], layout_cave_pools,
          nicolae_sif_muna_condensation, uniq_erica
D:9:      layout_irregular_city, nicolae_yredelemnul_corpse_copse
D:10:     layout_irregular_city, due_lair_maze_entry_diamond,
          gammafunk_ghost_cemetery, serial_shops, kennysheep_little_box,
          uniq_maurice
D:11:     layout_irregular_city, orc_0_dummy, portal_ice_cave_entry_pillars_1
D:12:     layout_small_grid, amcnicky_mini_rare_corridor_liquid
D:13:     layout_long_grid, vehumet_statue
D:14:     nzn_winding_woodlands_stair_cross
          [nzn_winding_woodlands_5x15_lazy_stream,
          nzn_winding_woodlands_center_lodge,
          nzn_winding_woodlands_5x15_crooked,
          nzn_winding_woodlands_5x5_open_star, nzn_winding_woodlands_5x5_three,
          nzn_winding_woodlands_5x15_zeroes,
          nzn_winding_woodlands_center_triple_pond,
          nzn_winding_woodlands_5x15_eye], layout_loops_ring, david_vaults_4,
          gauntlet_entry_generic, dk_noncrumbling_3, uniq_agnes, uniq_snorg,
          uniq_kirke
Temple:   oiseaux_autumnal_temple

Skill      XL: |  1  2  3  4  5  6  7  8  9 10 11 12 13 |
---------------+----------------------------------------+-----
Stealth        | 2 3 4 5 6 7 8 |  8.5
Fighting       | 1 2 3 4 5 7 9 10 11 12 | 12.7
Dodging        | 3 4 5 6 7 8 9 10 | 10.3
Armour         | 1 2 3 4 5 7 8 |  8.8
Spellcasting   | 4 5 6 7 |  7.9
Evocations     | 2 4 |  4.4

Action                   |  1- 3 |  4- 6 |  7- 9 | 10-12 | 13-15 || total
-------------------------+-------+-------+-------+-------+-------++-------
Melee: Unarmed           |       |       |     2 |       |       ||     2
       Falchion          |       |       |       |     2 |       ||     2
       Dagger            |       |       |       |    44 |     7 ||    51
 Cast: Magic Dart        |    71 |   145 |   102 |   100 |    38 ||   456
       Searing Ray       |     1 |    11 |    18 |     7 |       ||    37
       Fulminant Prism   |       |     2 |    15 |    62 |    29 ||   108
       Iskenderun's Myst |       |       |    28 |    54 |    45 ||   127
       Summon Guardian G |       |       |     1 |    21 |     4 ||    26
       Cause Fear        |       |       |     2 |     3 |     1 ||     6
       Summon Mana Viper |       |       |       |    25 |     4 ||    29
       Call Imp          |       |       |       |    25 |     7 ||    32
       Alistair's Intoxi |       |       |       |       |     2 ||     2
Invok: Ancestor Life: Kn |       |       |       |     1 |       ||     1
       Recall Ancestor   |       |       |       |     2 |       ||     2
Evoke: Wand              |       |       |       |     2 |       ||     2
  Use: Scroll            |       |       |     3 |    12 |       ||    15
       Potion            |       |       |       |       |     2 ||     2
Armor: Robe              |       |     9 |    31 |    33 |    22 ||    95
Dodge: Dodged            |     1 |    29 |    62 |    69 |    35 ||   196
Block: Other             |       |     5 |    24 |    24 |    11 ||    64
       Reflection        |       |       |     1 |     3 |     5 ||     9
